 Dungeon Crawl Stone Soup version 0.22.1-5-g62c59d9 (webtiles) character file.

15505 JustSomeDude the Cleaver (level 12, -19/99 HPs)
             Began as a Naga Fighter on Jan 5, 2019.
             Was a High Priest of the Shining One.
             Demolished by a large slime creature (25 damage)
             ... on level 8 of the Dungeon on Jan 8, 2019.
             The game lasted 00:48:20 (14842 turns).

JustSomeDude the Cleaver (Naga Fighter)            Turns: 14842, Time: 00:48:21

Health: -19/99     AC: 15    Str: 24    XL:     12   Next: 27%
Magic:  31/31      EV:  9    Int: 13    God:    the Shining One [*****.]
Gold:   511        SH: 11    Dex: 14    Spells: 11/11 levels left

rFire    + . .     SeeInvis +   K - +0 morningstar of Wuxifotu {flame, Int+4 Dex+2} (curse)
rCold    . . .     Gourm    .   c - +0 shield
rNeg     + + .     Faith    .   W - +4 scale mail {rF+}
rPois    +         Spirit   .   (helmet restricted)
rElec    .         Reflect  .   z - +0 cloak
rCorr    .         Harm     .   g - +0 pair of gloves
MR       +....                  (no barding)
Stlth    +.........             (no amulet)
HPRegen  0.26/turn              i - ring of magical power
MPRegen  0.22/turn              k - ring of magical power

@: glowing, very slow
A: large, antennae 1, see invisible, agile 1, deformed body, frail 1, poison
resistance, slowness 2, slow metabolism 1, spit poison 1, wild magic 1, AC +4
a: Spit Poison, Divine Shield, Cleansing Flame, Summon Divine Warrior, Renounce
Religion


You were on level 8 of the Dungeon.
You worshipped the Shining One.
The Shining One was extremely pleased with you.
You were not hungry.

You visited 3 branches of the dungeon, and saw 15 of its levels.
You also visited: Labyrinth and Sewer.

You collected 740 gold pieces.
You spent 229 gold pieces at shops.

Inventory:

Hand Weapons
 a - a +0 war axe
 d - a +0 dire flail of crushing
 w - the +4 flail of Tortfeasance {freeze, Fragile +Blink rPois Dex+7}
   (You bought it in a shop on level 8 of the Dungeon)

   It has been specially enchanted to freeze those struck by it, causing extra
   injury to most foes and up to half again as much damage against particularly
   susceptible opponents.
   It can also slow down cold-blooded creatures.
   It affects your dexterity (+7).
   It protects you from poison.
   It lets you blink.
   It will be destroyed if unequipped.
 J - the cursed +0 shortbow of the Sun {velocity, rElec rF+}
   (You found it on level 11 of the Dungeon)

   Any arrow fired from it inflicts extra damage.
   It protects you from fire.
   It insulates you from electricity.
   It has a curse placed upon it.
 K - the cursed +0 morningstar of Wuxifotu (weapon) {flame, Int+4 Dex+2}
   (You took it off a crimson imp on level 10 of the Dungeon)

   It has been specially enchanted to burn those struck by it, causing extra
   injury to most foes and up to half again as much damage against particularly
   susceptible opponents.
   It affects your intelligence (+4).
   It affects your dexterity (+2).
   It has a curse placed upon it.
 O - a +0 war axe of venom
Missiles
 T - 17 javelins (quivered)
Armour
 c - a +0 shield (worn)
 g - a +0 pair of gloves (worn)
 z - a +0 cloak (worn)
 W - a +4 scale mail of fire resistance (worn)
Jewellery
 e - a +4 ring of strength {unknown}
 i - a ring of magical power (left hand)
 k - a ring of magical power (right hand)
 A - an uncursed ring of protection from magic {unknown}
 D - an uncursed ring of protection from fire {unknown}
 E - a +5 amulet of reflection {unknown}
 S - a cursed -3 ring of evasion {unknown}
 U - an uncursed ring of magical power
 V - a +3 ring of protection {unknown}
Wands
 b - a wand of iceblast (11)
 o - a wand of enslavement (5)
 v - a wand of paralysis (8)
 x - a wand of clouds (5)
 y - a wand of random effects (9)
 B - a wand of polymorph (15)
 C - a wand of digging (31)
 G - a wand of disintegration (32)
Scrolls
 h - 3 scrolls of remove curse
 j - 4 scrolls of teleportation
 p - a scroll of noise {unknown}
 q - 12 scrolls of identify
 r - a scroll of amnesia {unknown}
 s - 2 scrolls of blinking {unknown}
 t - 3 scrolls of immolation
 u - 2 scrolls of magic mapping
 L - a scroll of fear
 R - a scroll of acquirement {unknown}
Potions
 l - 4 potions of brilliance
 m - 2 potions of magic
 M - a potion of mutation
 N - a potion of flight
Miscellaneous
 X - a fan of gales
Comestibles
 f - 19 rations


   Skills:
 + Level 8.0 Fighting
 + Level 11.2(12.0) Axes
 + Level 7.1(10.2) Maces & Flails
 + Level 7.5 Armour
 + Level 3.8 Dodging
 + Level 2.4 Stealth
 + Level 6.9 Shields
 * Level 1.6 Invocations


You had 11 spell levels left.
You didn't know any spells.
Your spell library contained the following spells:

 Spells                   Type           Power        Failure   Level  Hunger
 Animate Skeleton         Necr           N/A          78%         1    ##.....
 Confusing Touch          Hex            #.....       78%         1    ##.....
 Freeze                   Ice            #...         78%         1    ##.....
 Magic Dart               Conj           #...         78%         1    ##.....
 Pain                     Necr           #...         78%         1    ##.....
 Sting                    Conj/Pois      #...         78%         1    ##.....
 Blink                    Tloc           N/A          89%         2    ###....
 Call Imp                 Summ           #.......     89%         2    ###....
 Poisonous Vapours        Pois/Air       #.....       89%         2    ###....
 Slow                     Hex            #.......     89%         2    ###....
 Throw Frost              Conj/Ice       #.....       89%         2    ###....
 Confuse                  Hex            #.......     98%         3    ####...
 Conjure Flame            Conj/Fire      #.......     98%         3    ####...
 Gell's Gravitas          Tloc           #.........   98%         3    ####...
 Mephitic Cloud           Conj/Pois/Air  #.......     98%         3    ####...
 Ozocubu's Armour         Chrm/Ice       #.......     98%         3    ####...
 Regeneration             Chrm/Necr      #.........   98%         3    ####...
 Vampiric Draining        Necr           #.........   98%         3    ####...
 Animate Dead             Necr           N/A          100%        4    #####..
 Olgreb's Toxic Radiance  Pois           #.......     100%        4    #####..
 Petrify                  Tmut/Erth      #.......     100%        4    #####..
 Summon Ice Beast         Ice/Summ       #.......     100%        4    #####..
 Throw Icicle             Conj/Ice       #.......     100%        4    #####..
 Metabolic Englaciation   Hex/Ice        #.........   100%        5    ######.
 Venom Bolt               Conj/Pois      #.........   100%        5    ######.
 Yara's Violent Unravell  Hex/Tmut       #.........   100%        5    ######.


Dungeon Overview and Level Annotations

Branches:
Dungeon (13/15)            Temple (1/1) D:4            Lair (0/6) D:9
    Orc (1/2) D:10
 Vaults: D:13-14

Altars:
Ashenzari
Cheibriados
Dithmenos
Elyvilon
Fedhas
Gozag
Hepliaklqana
Kikubaaqudgha
Makhleb
Nemelex Xobeh
Okawaru
Qazlal
Ru
Sif Muna
Trog
Uskayaw
Vehumet
Wu Jian
Xom
Yredelemnul
Zin
The Shining One
Jiyva

Shops:
D:5 (   D:6 [   D:8 (

Annotations:
D:9 1 runed door, TheAlmogaver's ghost, journeyman GnWz


Innate Abilities, Weirdness & Mutations

You cannot wear boots.
Your serpentine skin is tough. (AC +4)
You have supernaturally acute eyesight. (SInv)
Armour fits poorly on your strangely shaped body.
Your system is resistant to poisons. (rPois)
You cover ground very slowly.
You have a slow metabolism.
You can spit poison.
You have a pair of small antennae on your head.
You are agile. (Dex +2)
You are frail. (-10% HP)
Your spells are a little harder to cast, but a little more powerful.


Message History

The large slime creature hits you but does no damage.
You climb upwards.
Level annotation: 1 runed door, TheAlmogaver's ghost, journeyman GnWz
There is a stone staircase leading down here.
You block the large slime creature's attack.
You block the large slime creature's attack.
A large slime creature splits.
There is a stone staircase leading up here.
The slime creature barely misses you. x2
You climb upwards.
There is a stone staircase leading down here.
You block the slime creature's attack. The slime creature hits you.
Two slime creatures merge to form a large slime creature.
The large slime creature jiggles.
You block the large slime creature's attack.
You block the large slime creature's attack.
The large slime creature hits you!!
* * * LOW HITPOINT WARNING * * *
The large slime creature hits you!!
You die...

....)....#.....##...# ##...#
........#......##...##
###..###
................##...###...##
#....................##...##
##.......................##
.##.....................##
.........).............##
#####..............<...#
####........@.....##
##.......J....##
##...........# ###........##
### ##..###..# #.# ###
##..#...# ##.# ###.##
##....## #..## ##....##
###..# ###)..# #......##
##.#######.....#


You could see a large slime creature.

Vanquished Creatures
  A minotaur (Lab)
  An ugly thing (D:11)
  A cyclops (D:11)
  2 orc sorcerers (D:10)
  A komodo dragon (D:11)
  3 trolls
  A hornet (D:10)
  A hippogriff (D:8)
  A slime creature (D:10)
  A shadow (D:11)
  14 yaks
  A wyvern (D:10)
  2 wraiths (D:10)
  A human (D:7)
  2 hungry ghosts
  4 hogs (D:7)
  A warg (D:10)
  Edmund (D:4)
  2 water moccasins
  4 porcupines (D:9)
  A sky beast (D:10)
  11 orc warriors
  3 phantoms
  2 ice beasts
  9 ogres
  4 centaurs
  3 crocodiles (D:9)
  2 big kobolds
  7 bullfrogs
  4 scorpions
  4 killer bees (D:7)
  11 wights
  A howler monkey (D:10)
  6 crimson imps
  3 centaur zombies
  3 hounds
  2 jellies
  2 centaur skeletons
  13 orc wizards
  12 orc priests
  An iguana (D:9)
  Jessica (D:2)
  10 worker ants
  A hound zombie (D:11)
  2 hound skeletons
  A worker ant zombie (D:8)
  2 howler monkey zombies
  4 gnolls (D:4)
  20 adders
  A river rat (D:3)
  2 shadow imps
  7 oozes (Sewer)
  A dart slug (D:3)
  21 leopard geckos
  47 orcs
  10 ball pythons
  20 giant cockroaches
  8 goblins
  17 hobgoblins
  6 jackals
  15 kobolds
  2 quokkas
  8 bats
  8 frilled lizards
  3 rats
366 creatures vanquished.

Vanquished Creatures (others)
  2 bushes (D:9)
  2 fungi (D:9)
  8 plants (D:9)
12 creatures vanquished.

Grand Total: 378 creatures vanquished

Notes
Turn   | Place    | Note
-------+----------+-------------------------------------------
     0 | D:1      | JustSomeDude the Naga Fighter began the quest for the Orb.
     0 | D:1      | Reached XP level 1. HP: 21/21 MP: 1/1
   276 | D:1      | Reached XP level 2. HP: 28/28 MP: 2/2
   669 | D:2      | Reached XP level 3. HP: 17/34 MP: 3/3
   768 | D:2      | Reached XP level 4. HP: 31/42 MP: 4/4
  1051 | D:2      | Noticed Jessica
  1073 | D:2      | Killed Jessica
  1073 | D:2      | Reached skill level 3 in Axes
  1344 | D:2      | Reached skill level 1 in Stealth
  1449 | D:3      | Reached XP level 5. HP: 48/49 MP: 5/5
  1571 | D:3      | Reached skill level 1 in Dodging
  1835 | D:3      | Found a glowing drain.
  1851 | Sewer    | Entered a sewer
  2100 | Sewer    | Reached XP level 6. HP: 53/56 MP: 6/6
  2116 | Sewer    | Reached skill level 4 in Axes
  2381 | Sewer    | Reached XP level 7. HP: 42/63 MP: 7/7
  2913 | D:4      | Noticed Edmund
  2943 | D:4      | Upgraded the game from 0.22.1-2-g9c5b331 to
                  | 0.22.1-5-g62c59d9
  2983 | D:4      | Reached skill level 5 in Axes
  3071 | D:4      | Found a staircase to the Ecumenical Temple.
  3087 | Temple   | Entered the Ecumenical Temple
  3392 | Temple   | Became a worshipper of the Shining One
  3564 | D:4      | Killed Edmund
  3689 | D:4      | Reached XP level 8. HP: 57/72 MP: 8/8
  3927 | D:5      | Entered Level 5 of the Dungeon
  3991 | D:5      | Found Ipi Uhoh's Weapon Emporium.
  4536 | D:6      | Reached skill level 6 in Axes
  4663 | D:6      | Found Kiluoqarch's Armour Shop.
  5244 | D:7      | Reached skill level 7 in Axes
  5309 | D:7      | Reached * piety under the Shining One
  5339 | D:7      | Reached XP level 9. HP: 42/80 MP: 9/9
  5395 | D:7      | Reached skill level 5 in Fighting
  5396 | D:7      | Reached skill level 8 in Axes
  5398 | D:7      | HP: 1/81 [human/hand axe (7)]
  5400 | D:7      | Reached skill level 5 in Armour
  5447 | D:7      | The Shining One protects you from harm!
  6105 | D:7      | Reached skill level 5 in Shields
  6644 | D:7      | Reached skill level 9 in Axes
  6830 | D:8      | Found Nirex's Antique Weapon Shop.
  6844 | D:8      | Bought a slimy flail for 229 gold pieces
  6844 | D:8      | Identified the +4 flail of Tortfeasance {freeze, Fragile
                  | +Blink rPois Dex+7} (You bought it in a shop on level 8 of
                  | the Dungeon)
  6895 | D:8      | Reached XP level 10. HP: 71/90 MP: 10/10
  7366 | D:8      | Reached ** piety under the Shining One
  7963 | D:9      | Noticed TheAlmogaver's ghost (journeyman GnWz)
  7964 | D:9      | Found a runed door.
  7982 | D:9      | Reached skill level 10 in Axes
  8581 | D:9      | Found a staircase to the Lair.
  8741 | D:9      | Found a stormy altar of Qazlal.
  8937 | D:9      | Found a stormy altar of Qazlal.
  9135 | D:10     | Entered Level 10 of the Dungeon
  9164 | D:10     | Reached skill level 11 in Axes
  9190 | D:10     | Reached XP level 11. HP: 68/99 MP: 11/11
  9292 | D:10     | Reached *** piety under the Shining One
  9295 | D:10     | Paralysed by a hornet for 1 turns
  9414 | D:10     | Got a steaming morningstar {flame}
  9555 | D:10     | Identified the cursed +0 morningstar of Wuxifotu {flame,
                  | Int+4 Dex+2} (You took it off a crimson imp on level 10 of
                  | the Dungeon)
  9612 | D:10     | Reached skill level 1 in Maces & Flails
  9757 | D:10     | Noticed an orc sorcerer
  9763 | D:10     | Killed an orc sorcerer
 10145 | D:10     | Noticed an orc sorcerer
 10154 | D:10     | Killed an orc sorcerer
 10511 | D:10     | Found a staircase to the Orcish Mines.
 10514 | Orc:1    | Entered Level 1 of the Orcish Mines
 10619 | Orc:1    | Reached **** piety under the Shining One
 11087 | Orc:1    | Noticed an orc knight
 11114 | D:10     | Reached skill level 5 in Maces & Flails
 11379 | D:11     | Got a polished shortbow
 11390 | D:11     | Identified the cursed +0 shortbow of the Sun {velocity,
                  | rElec rF+} (You found it on level 11 of the Dungeon)
 11440 | D:11     | Found a viscous altar of Jiyva.
 11530 | D:11     | Found a labyrinth entrance.
 11539 | Lab      | Entered a labyrinth
 11820 | Lab      | Noticed a minotaur
 11822 | Lab      | Gained mutation: You are frail. (-10% HP) [potion of
                  | mutation]
 11822 | Lab      | Gained mutation: You are agile. (Dex +2) [potion of
                  | mutation]
 11822 | Lab      | Gained mutation: Your spells are a little harder to cast,
                  | but a little more powerful. [potion of mutation]
 11822 | Lab      | Gained mutation: You have a pair of small antennae on your
                  | head. [potion of mutation]
 11830 | Lab      | Killed a minotaur
 11935 | D:11     | Reached XP level 12. HP: 71/99 MP: 12/12
 12710 | D:11     | Found a transporter.
 13155 | D:11     | You fall through a shaft for 2 floors!
 13254 | D:12     | Reached skill level 1 in Invocations
 13625 | D:11     | Reached ***** piety under the Shining One
 13873 | D:11     | Found a transporter.
 14322 | D:10     | The Shining One protects you from harm!
 14842 | D:8      | Demolished by a large slime creature

Skill      XL: |  1  2  3  4  5  6  7  8  9 10 11 12 |
---------------+-------------------------------------+-----
Armour         | 3 4 5 6 7 |  7.5
Axes           | 3 4 5 7 9 11 | 11.2
Stealth        | 1 2 |  2.4
Shields        | 3 4 5 6 |  6.9
Dodging        | 1 2 3 |  3.8
Fighting       | 4 5 6 7 8 |  8.0
Maces & Flails | 6 7 |  7.1
Invocations    | 1 |  1.6

Action                   |  1- 3 |  4- 6 |  7- 9 | 10-12 || total
-------------------------+-------+-------+-------+-------++-------
Melee: War axe           |    64 |   295 |   329 |   269 ||   957
       Morningstar       |       |       |       |   396 ||   396
Invok: Divine Shield     |       |       |       |     1 ||     1
  Use: Potion            |     1 |       |    14 |     7 ||    22
       Scroll            |       |     1 |     4 |    10 ||    15
  Eat: Chunk             |       |     4 |    18 |    14 ||    36
       Ration            |       |       |       |     3 ||     3
Armor: Scale mail        |    38 |   196 |   109 |   225 ||   568
       Skin              |       |       |     8 |       ||     8
Dodge: Dodged            |     9 |   115 |   107 |   174 ||   405
Block: Shield            |    37 |   173 |   168 |   373 ||   751
